 Dungeon Crawl Stone Soup version 0.17.1-2-g5865329 (webtiles) character file.

131 Crossell the Covered (level 4, -3/37 HPs)
             Began as a Minotaur Skald on Sept 26, 2016.
             Was an Initiate of Yredelemnul.
             Killed by miscasting Regeneration (8 damage)
             ... on level 3 of the Dungeon on Sept 27, 2016.
             The game lasted 00:20:32 (2063 turns).

Crossell the Covered (Minotaur Skald)               Turns: 2063, Time: 00:20:32

Health: -3/37      AC:  6    Str: 17    XL:     4   Next: 91%
Magic:  2/5        EV: 10    Int:  9    God:    Yredelemnul [......]
Gold:   57         SH:  0    Dex: 10    Spells: 2 memorised, 2 levels left

rFire  . . .     SeeInvis .     s - +0 war axe
rCold  . . .     Clarity  .     p - +0 scale mail
rNeg   . . .     SustAt   .     (no shield)
rPois  .         Gourm    .     (helmet restricted)
rElec  .         Spirit   .     (no cloak)
rCorr  .         Warding  .     (no gloves)
rMut   .         Stasis   .     (no boots)
MR     .....                    (no amulet)
Stlth  ..........               (no ring)
                                (no ring)

@: lethally poisoned (-3 -> -10), very slightly contaminated, not resistant to
hostile enchantments, extremely unstealthy
A: retaliatory headbutt, horns 2
a: Renounce Religion


You were on level 3 of the Dungeon.
You worshipped Yredelemnul.
Yredelemnul was noncommittal.
You were not hungry.

You visited 1 branch of the dungeon, and saw 3 of its levels.

You collected 57 gold pieces.

Inventory:

Hand Weapons
 a - a +1 short sword
 i - a +0 spear
 k - a +0 hand axe
 o - a +0 flail
 s - a +0 war axe (weapon)
Missiles
 e - 70 stones (quivered)
 f - 23 arrows
 h - 13 poisoned needles
 r - 9 arrows of frost
Armour
 b - a +0 leather armour
 g - a +0 ring mail
 l - a +0 naga barding
 p - a +0 scale mail (worn)
Scrolls
 n - a scroll of remove curse
Potions
 q - a potion of degeneration {unknown}
Books
 c - a book of Battle

   Spells                             Type                      Level
   a - Infusion                       Charms                       1
   b - Shroud of Golubria             Charms/Translocation         2
   c - Song of Slaying                Charms                       2
   d - Spectral Weapon                Hexes/Charms                 3
   e - Regeneration                   Charms/Necromancy            3
Comestibles
 d - 3 bread rations
 m - a slice of pizza


   Skills:
 + Level 2.9 Fighting
 + Level 2.9 Short Blades
 + Level 3.2 Armour
 + Level 2.5 Dodging
 + Level 0.3 Stealth
 + Level 1.5 Spellcasting
 + Level 2.3 Charms


You had 2 spell levels left.
You knew the following spells:

 Your Spells              Type           Power        Failure   Level  Hunger
a - Infusion              Chrm           #.....       50%         1    ##.....
b - Regeneration          Chrm/Necr      #.........   99%         3    ####...


Dungeon Overview and Level Annotations

Branches:
Dungeon (3/15)

Altars:
Trog
Yredelemnul


Innate Abilities, Weirdness & Mutations

You reflexively headbutt those who attack you in melee.
You have a pair of horns on your head.


Message History

* * * LOW HITPOINT WARNING * * *
You are poisoned.
The adder poisons you!
An orc comes into view. It is wielding a falchion.
You completely miss the kobold.
Your scale mail prevents you from hitting the adder.
You feel sick. The adder bites you.
* * * LOW HITPOINT WARNING * * *
You are lethally poisoned!
The adder poisons you! The kobold hits you but does no damage.
The orc wizard casts a spell.
The orc wizard blinks!
The adder bites you but does no damage.
Casting: Infusion
Confirm with . or Enter, or press ? or * to list all spells.
The spell is very dangerous to cast!
Continue anyway?
You miscast Regeneration.
You are very lightly contaminated with residual magic.
Pain shoots through your body!
You die...
Your body rises from the dead as a mindless zombie.

..#.# #.#.#
#############
#.#.####...........#
#.....##.........).#
#...................
#.....##............
#####..K..<....####†####
#......@..##...##.....##
#...(.?S####...#..†....#
.......>.......#.......#
#.....o####........_....
#...o.. #....#.......#
#.....§ #....#.......#
#...o(. #....##.....##
#...... #....####.####
#...... #.#...........


You could see an orc priest, an adder, 2 orcs and a kobold.

Vanquished Creatures
  An orc priest (D:3)
  4 adders (D:2)
  An ooze (D:1)
  4 giant geckos
  4 orcs
  10 bats
  4 giant cockroaches
  2 hobgoblins
  2 jackals (D:1)
  3 quokkas (D:2)
  A ball python (D:1)
  4 giant newts (D:2)
  8 goblins
  7 kobolds
  4 rats
59 creatures vanquished.

Notes
Turn   | Place    | Note
--------------------------------------------------------------
     0 | D:1      | Crossell the Minotaur Skald began the quest for the Orb.
     0 | D:1      | Reached XP level 1. HP: 18/18 MP: 1/1
   297 | D:1      | Reached XP level 2. HP: 15/25 MP: 3/3
  1055 | D:2      | Reached XP level 3. HP: 19/30 MP: 4/4
  1070 | D:2      | Found a bloodstained altar of Trog.
  1116 | D:2      | Learned a level 3 spell: Regeneration
  1241 | D:2      | Reached XP level 4. HP: 14/37 MP: 5/5
  1914 | D:3      | Reached skill level 3 in Armour
  1963 | D:3      | Found a basalt altar of Yredelemnul.
  2043 | D:3      | Became a worshipper of Yredelemnul the Dark
  2063 | D:3      | Killed by miscasting Regeneration

Action                   |  1- 3 |  4- 6 || total
-------------------------+-------+-------++-------
Melee: Short sword       |    46 |       ||    46
       Spear             |    21 |       ||    21
       Hand axe          |    11 |    38 ||    49
       Flail             |       |     4 ||     4
       War axe           |       |     2 ||     2
  Use: Scroll            |     7 |     3 ||    10
       Potion            |     1 |     2 ||     3
  Eat: Bread ration      |     1 |       ||     1
